 Dungeon Crawl Stone Soup version 0.30-a0-149-g7f746667c4 (webtiles) character file.

Game seed: 13691416243233410274

228 NinjaNoafa the Changer (level 6, -2/44 HPs)
             Began as a Merfolk Transmuter on Sept 26, 2022.
             Slain by an iguana (13 damage)
             ... on level 4 of the Dungeon.
             The game lasted 00:07:33 (4597 turns).

NinjaNoafa the Changer (Merfolk Transmuter)         Turns: 4597, Time: 00:07:34

Health: -2/44      AC:  4    Str:  9      XL:     6   Next: 2%
Magic:  10/10      EV: 12    Int: 13 (14) God:
Gold:   204        SH:  5    Dex: 12 (14) Spells: 8/11 levels left

rFire   . . .      SeeInvis .      - Unarmed
rCold   . . .      Faith    .    (no shield)
rNeg    . . .      Spirit   .    a - +1 robe
rPois   .          Reflect  +    i - +0 helmet
rElec   .          Harm     .    (no cloak)
rCorr   .          Rampage  .    (no gloves)
Will    .....                    (no boots)
Stlth   ++........               c - amulet of reflection
HPRegen 0.14/turn                (no ring)
MPRegen 0.12/turn                (no ring)

@: no status effects
A: (nimble swimmer 2), mertail, weak 1, MP-powered wands
a: no special abilities


You were on level 4 of the Dungeon.
You visited 1 branch of the dungeon, and saw 4 of its levels.

You collected 228 gold pieces.
You spent 24 gold pieces at shops.

Inventory:

Missiles
 d - 43 stones
 m - 2 poisoned darts
Armour
 a - a +1 robe (worn)
 i - a +0 helmet (worn)
Jewellery
 c - an amulet of reflection (around neck)
Scrolls
 e - a scroll of amnesia {unknown}
 f - a scroll of vulnerability {unknown}
 g - a scroll of teleportation {unknown}
Potions
 b - 4 potions of lignification
 h - 2 potions of curing
 j - a potion of attraction


   Skills:
 - Level 2.0 Fighting
 - Level 3.0 Dodging
 + Level 2.6 Stealth
 - Level 3.2 Unarmed Combat
 - Level 3.0 Spellcasting
 - Level 5.0 Transmutations
 + Level 2.4 Ice Magic


You had 8 spell levels left.
You knew the following spells:

 Your Spells              Type           Power      Damage    Failure   Level
a - Beastly Appendage     Tmut           30%        N/A       3%          1
b - Wereblood             Tmut           15%        N/A       4%          2

Your spell library contained the following spells:

 Spells                   Type           Power      Damage    Failure   Level
 Passwall                 Tmut/Erth      6%         N/A       12%         2
 Magic Dart               Conj           4%         1d3       22%         1
 Sandblast                Erth           2%         2d4       22%         1
 Spider Form              Tmut/Pois      8%         N/A       24%         3
 Ozocubu's Armour         Ice            8%         N/A       26%         3
 Call Imp                 Summ           1%         N/A       34%         2
 Ice Form                 Ice/Tmut       11%        N/A       45%         4
 Mephitic Cloud           Conj/Pois/Air  1%         N/A       56%         3
 Stone Arrow              Conj/Erth      2%         3d7       56%         3
 Metabolic Englaciation   Hex/Ice        2%         N/A       98%         5
 Fireball                 Conj/Fire      0%         3d3       99%         5
 Simulacrum               Ice/Necr       2%         N/A       100%        6
 Starburst                Conj/Fire      0%         6d3       100%        6
 Ignition                 Fire           0%         3d3       100%        8


Dungeon Overview and Level Annotations

Branches:
Dungeon (4/15)
 Temple: D:4-7

Altars:
Dithmenos

Shops:
D:1 ?


Innate Abilities, Weirdness & Mutations

((You are very nimble when in or above water. (Stealth+, EV+, Speed+++)))
Your lower body shifts to a powerful aquatic tail in water.
You are weak. (Str -2)
You expend magic power (3 MP) to strengthen your wands.


Message History

Your horns disappear.
Your +0 helmet unmelds from your body.
The iguana bites you.
You have reached level 6!
You barely miss the iguana. The iguana misses you.
You hit the iguana.
The iguana is lightly wounded.
You block the iguana's attack.
You hit the iguana but do no damage.
The iguana is lightly wounded.
The iguana bites you.
You barely miss the iguana.
The iguana is lightly wounded.
The iguana bites you.
You hit the iguana.
The iguana is moderately wounded.
The iguana bites you.
* * * LOW HITPOINT WARNING * * *
You hit the iguana.
The iguana is heavily wounded.
The iguana barely misses you.
You hit the iguana.
The iguana is heavily wounded.
The iguana misses you.
You hit the iguana but do no damage.
The iguana is heavily wounded.
The iguana barely misses you.
You hit the iguana.
The iguana is severely wounded.
You block the iguana's attack.
You hit the iguana but do no damage.
The iguana is severely wounded.
You block the iguana's attack.
You closely miss the iguana.
The iguana is severely wounded.
The iguana bites you.
* * * LOW HITPOINT WARNING * * *
You hit the iguana.
The iguana is almost dead.
The iguana bites you!
You die...

#.......# ##.....##
#. ##...## #. ##..##
#. ##.<.##### #.
#..........
######.###...######..
..............l......
PPPP..≈§≈≈.._@†§§≈§§.
.......)..........§§.
#########.....#######
#.....# #######


You could see an iguana.

Vanquished Creatures
  An orc priest (D:3)
  A hound (D:4)
  An iguana (D:3)
  6 adders
  6 worms (D:2)
  5 dart slugs
  3 orcs (D:3)
  5 endoplasms
  2 giant cockroaches
  5 hobgoblins
  3 jackals (D:1)
  9 kobolds
  A quokka (D:1)
  2 ball pythons (D:2)
  4 bats
  3 frilled lizards (D:1)
  6 goblins
  3 rats
66 creatures vanquished.

Notes
Turn   | Place    | Note
-------+----------+-------------------------------------------
     0 | D:1      | NinjaNoafa the Merfolk Transmuter began the quest for the
                  | Orb.
     0 | D:1      | Reached XP level 1. HP: 15/15 MP: 3/3
   183 | D:1      | Reached skill level 3 in Transmutations
   293 | D:1      | Reached XP level 2. HP: 15/22 MP: 3/5
   436 | D:1      | Found Anyip's Magic Scroll Shop.
   440 | D:1      | Bought a scroll of identify for 24 gold pieces
   924 | D:1      | Reached skill level 4 in Transmutations
   924 | D:1      | Reached XP level 3. HP: 27/27 MP: 4/6
  1703 | D:2      | Identified the +2 sling of Joragh {speed, rElec Will- Dex+2
                  | SInv}
  1970 | D:2      | Reached skill level 5 in Transmutations
  1970 | D:2      | Reached XP level 4. HP: 22/33 MP: 5/7
  1973 | D:2      | Learned a level 2 spell: Wereblood
  2079 | D:2      | Noticed a great orb of eyes
  2082 | D:2      | Found a faded altar of an unknown god.
  2083 | D:2      | Noticed an eye of devastation
  2083 | D:2      | Noticed a shining eye
  2083 | D:2      | Noticed an eye of devastation
  3007 | D:2      | Gained mutation: You are weak. (Str -2) [potion of
                  | mutation]
  3007 | D:2      | Gained mutation: You expend magic power (3 MP) to
                  | strengthen your wands. [potion of mutation]
  3567 | D:3      | Reached XP level 5. HP: 8/38 MP: 9/9
  3570 | D:3      | Reached skill level 1 in Stealth
  3570 | D:3      | Reached skill level 1 in Ice Magic
  4470 | D:4      | Found a shadowy altar of Dithmenos.
  4586 | D:4      | Reached XP level 6. HP: 25/44 MP: 10/10
  4597 | D:4      | Slain by an iguana

Illustrated notes

Levels and vault maps discovered:
D:1:      evilmike_arrival_fibonacci_small, layout_loops_cross, serial_shops,
          nicolae_shop_behind_doors, minmay_hedge_maze
D:2:      layout_basic, hellmonk_ecumenical_altar_watching_god,
          minmay_randomly_rotated_circles
D:3:      layout_basic
D:4:      layout_loops_ring, mainiacjoe_overflow_boulevard, uniq_eustachio,
          uniq_menkaure, uniq_crazy_yiuf_cottage, uniq_natasha

Skill      XL: |  1  2  3  4  5 |
---------------+----------------+-----
Transmutations | 3 4 5 |  5.0
Fighting       | 2 |  2.0
Dodging        | 3 |  3.0
Spellcasting   | 3 |  3.0
Stealth        | 2 |  2.6
Ice Magic      | 2 |  2.4
Unarmed Combat | |  3.2

Action                   |  1- 3 |  4- 6 || total
-------------------------+-------+-------++-------
Melee: Unarmed           |   113 |   160 ||   273
       Headbutt          |    20 |    18 ||    38
       Punch             |       |     1 ||     1
 Cast: Beastly Appendage |    19 |    25 ||    44
       Wereblood         |       |     2 ||     2
  Use: Scroll            |     1 |     3 ||     4
       Potion            |       |     7 ||     7
 Stab: Sleeping          |     1 |       ||     1
Armor: Robe              |    17 |    16 ||    33
       Skin              |       |    18 ||    18
Dodge: Dodged            |    64 |    86 ||   150
Block: Other             |    25 |    38 ||    63
       Reflection        |     1 |     1 ||     2

Table legend: (Time is in decaauts)
 A = Elapsed time spent in this place.
 B = Non-inter-level travel time spent in this place.
 C = Inter-level travel time spent in this place.
 D = Time resting spent in this place.
 E = Time spent auto-exploring this place.
 F = Levels seen in this place.
 G = Mean time per level.
                   A        B        C        D        E       F      G
               +--------+--------+--------+--------+--------+-----+--------+
         Total |   4580 |   4440 |    140 |     16 |   3690 |   4 | 1145.0 |
       Dungeon |   4580 |   4440 |    140 |     16 |   3690 |   4 | 1145.0 |
               +--------+--------+--------+--------+--------+-----+--------+

Top non-repeatable levels by time:
     D:2: 1781 daAuts
     D:1: 1520 daAuts
     D:3: 1148 daAuts
     D:4: 129 daAuts
